 Dungeon Crawl Stone Soup version 0.24-a0-513-g284f782df5 (webtiles) character file.

Game seed: 12964111106518575362

527549 Lavandula the Eviscerator (level 22, -53/125 HPs)
             Began as a Felid Warper on July 18, 2019.
             Was the Champion of Jiyva.
             Killed from afar by Cerebov (70 damage)
             ... with an iron shot
             ... in Pandemonium on July 20, 2019.
             The game lasted 07:20:35 (69952 turns).

Lavandula the Eviscerator (Felid Warper)           Turns: 69952, Time: 07:20:35

Health: -53/125    AC:  6    Str: 11    XL:     22   Next: 18%
Magic:  39/39      EV: 37    Int: 24    God:    Jiyva [******]
Gold:   1820       SH:  0    Dex: 24    Spells: 1/46 levels left
                                        Lives:  0   Deaths: 5

rFire    . . .     SeeInvis +     - Unarmed
rCold    + . .     Gourm    .   (shield unavailable)
rNeg     + . .     Faith    .   (armour unavailable)
rPois    .         Spirit   .   (helmet unavailable)
rElec    .         Reflect  .   (cloak unavailable)
rCorr    +         Harm     .   (gloves unavailable)
MR       +++..                  (boots unavailable)
Stlth    ++++++++..             J - amulet of regeneration
HPRegen  0.00/turn              u - ring of Hedonism {rN+ Dex+4}
MPRegen  0.26/turn              k - ring "Hepumeuh" {rF+ Dex+6}

@: fire vulnerable, quick
A: very small, no armour, no weapons or thrown items, stealth, claws 1, fangs 3,
slimy green scales 1, thin skeletal structure 1, see invisible, blink,
carnivore, speed 1, robust 1, shaggy fur 3, inhibited regeneration, slow
metabolism 1, acidic bite, gelatinous body 1, pseudopods 1, translucent skin 2,
evolution 1, sharp paws
}: 8/15 runes: serpentine, barnacled, slimy, demonic, glowing, magical, fiery,
dark
a: Blink, Request Jelly, Slimify, Cure Bad Mutation, Renounce Religion


You were in Pandemonium.
You worshipped Jiyva.
Jiyva was exalted by your worship.
You were not hungry.

You visited 10 branches of the dungeon, and saw 49 of its levels.
You visited Pandemonium 5 times, and saw 21 of its levels.
You also visited: Bailey and Ice Cave.

You collected 5632 gold pieces.
You spent 3812 gold pieces at shops.

Inventory:

Jewellery
 f - the ring "Pifeh" {+Blink MR+ Str+3}
   (You acquired it in Pandemonium)

   [ring of protection from magic]

   It affects your strength (+3).
   It affects your resistance to hostile enchantments.
   It lets you blink.
 g - the ring "Rumait" {+Fly rN+ Str+2 Stlth+}
   (You took it off a deep elf elementalist on level 3 of the Elven Halls)

   [ring of stealth]

   It affects your strength (+2).
   It protects you from negative energy.
   It lets you fly.
   It makes you more stealthy.
 k - the ring "Hepumeuh" (right paw) {rF+ Dex+6}
   (You found it on level 5 of the Pits of Slime)

   [ring of protection from fire]

   It affects your dexterity (+6).
   It protects you from fire.
 n - the amulet of Qeghulaof {RegenMP MP+9 Int+10 Dex-5}
   (You took it off a deep elf sorcerer on level 3 of the Elven Halls)

   [amulet of magic regeneration]

   It increases your magic regeneration.
   It affects your intelligence (+10).
   It affects your dexterity (-5).
   It affects your magic capacity (+9).
 u - the ring of Hedonism (left paw) {rN+ Dex+4}
   (You found it on level 5 of the Pits of Slime)

   [ring of positive energy]

   It affects your dexterity (+4).
   It protects you from negative energy.
 D - the ring "Hourovup" {rF- MP+9 Str+6 Dex+3}
   (You found it on level 11 of the Dungeon)

   [ring of strength]

   It affects your strength (+6).
   It affects your dexterity (+3).
   It makes you vulnerable to fire.
   It affects your magic capacity (+9).
 J - an amulet of regeneration (around neck)
 Q - a +5 ring of protection
 R - the ring of Robustness {AC+8}
   (You bought it in a shop on level 2 of the Orcish Mines)

   [ring of protection]

   It affects your AC (+8).
 T - an uncursed ring of protection from fire
 W - an uncursed ring of wizardry
Wands
 s - a wand of enslavement (17)
 t - a wand of disintegration (46)
 v - a wand of polymorph (25)
 B - a wand of paralysis (32)
 I - a wand of clouds (15)
 K - a wand of scattershot (5)
 L - a wand of digging (1)
 M - a wand of flame (41)
 S - a wand of iceblast (19)
 U - a wand of acid (21)
Scrolls
 a - 5 scrolls of fog
 e - 8 scrolls of magic mapping
 i - 10 scrolls of immolation
 j - 14 scrolls of remove curse
 l - 3 scrolls of teleportation
 o - 19 scrolls of identify
 z - a scroll of summoning
 N - 4 scrolls of vulnerability
 P - a scroll of torment
 Y - a scroll of fear
Potions
 b - 8 potions of agility
 d - 5 potions of cancellation
 h - 6 potions of flight
 p - 24 potions of curing
 q - 6 potions of might
 r - 2 potions of magic
 x - 6 potions of haste
 A - 4 potions of mutation
 E - 3 potions of ambrosia
 F - 2 potions of lignification
 G - 7 potions of brilliance
 H - a potion of berserk rage
 O - a potion of invisibility
 V - 3 potions of resistance
 X - 5 potions of heal wounds
Miscellaneous
 w - a lightning rod (4/4)
 y - a box of beasts
 C - a lamp of fire
Comestibles
 c - 66 rations


   Skills:
 - Level 20.0 Fighting
 - Level 17.0 Dodging
 - Level 16.3 Stealth
 - Level 23.0 Unarmed Combat
 - Level 12.6 Spellcasting
 - Level 12.7 Conjurations
 - Level 7.6 Hexes
 - Level 4.6 Charms
 - Level 14.6 Summonings
 - Level 2.3 Necromancy
 - Level 4.4 Translocations
 - Level 7.1 Transmutations
 - Level 1.6 Air Magic
 + Level 8.8 Earth Magic
   Level 2.0 Poison Magic
 - Level 4.2 Evocations


You had one spell level left.
You knew the following spells:

 Your Spells              Type           Power        Failure   Level  Hunger
a - Shroud of Golubria    Chrm/Tloc      #####.       1%          2    None
b - Blink                 Tloc           N/A          1%          2    None
c - Passage of Golubria   Tloc           N/A          7%          4    None
d - Iron Shot             Conj/Erth      ######....   8%          6    #####..
e - Summon Lightning Spi  Summ/Air       ######..     1%          4    None
f - Statue Form           Tmut/Erth      ######...    24%         6    #####..
g - Apportation           Tloc           #####.       1%          1    None
h - Summon Butterflies    Summ           ######..     0%          1    None
i - Ozocubu's Armour      Chrm/Ice       ####....     4%          3    None
j - Regeneration          Chrm/Necr      ####......   3%          3    None
k - Irradiate             Conj/Tmut      ######....   1%          5    ###....
m - Confusing Touch       Hex            ######       1%          1    None
n - Spellforged Servitor  Conj/Summ      ######....   12%         7    ######.

Your spell library contained the following spells:

 Spells                   Type           Power        Failure   Level  Hunger
 Summon Small Mammal      Summ           ####         0%          1    None
 Beastly Appendage        Tmut           #####.       1%          1    None
 Corona                   Hex            ######.      1%          1    None
 Flame Tongue             Conj/Fire      #####        1%          1    None
 Infusion                 Chrm           ####         1%          1    None
 Magic Dart               Conj           ####         1%          1    None
 Sandblast                Erth           ######       1%          1    None
 Shock                    Conj/Air       ####         1%          1    None
 Freeze                   Ice            ###.         4%          1    None
 Call Imp                 Summ           ######..     0%          2    None
 Ensorcelled Hibernation  Hex/Ice        ####..       1%          2    None
 Passwall                 Tmut/Erth      ######..     1%          2    None
 Searing Ray              Conj           ######       1%          2    None
 Slow                     Hex            ######..     1%          2    None
 Song of Slaying          Chrm           #####...     1%          2    None
 Sticks to Snakes         Tmut           #####...     1%          2    None
 Swiftness                Chrm/Air       ####....     1%          2    None
 Throw Flame              Conj/Fire      #####.       1%          2    None
 Throw Frost              Conj/Ice       #####.       1%          2    None
 Call Canine Familiar     Summ           ######..     1%          3    None
 Conjure Flame            Conj/Fire      #####...     1%          3    None
 Dazzling Spray           Conj/Hex       ######       1%          3    None
 Gell's Gravitas          Tloc           #####.....   1%          3    None
 Lesser Beckoning         Tloc           #####.....   1%          3    None
 Mephitic Cloud           Conj/Pois/Air  #####...     1%          3    None
 Recall                   Summ/Tloc      N/A          1%          3    None
 Spider Form              Tmut/Pois      #####.....   1%          3    None
 Static Discharge         Conj/Air       #####...     1%          3    None
 Summon Guardian Golem    Hex/Summ       ######..     1%          3    None
 Teleport Other           Tloc           #####...     1%          3    None
 Cause Fear               Hex            ######....   1%          4    None
 Force Lance              Conj/Tloc      ######..     1%          4    None
 Fulminant Prism          Conj/Hex       ######....   1%          4    None
 Iskenderun's Mystic Bla  Conj           ######..     1%          4    None
 Leda's Liquefaction      Hex/Erth       ######....   1%          4    None
 Petrify                  Tmut/Erth      ######..     1%          4    None
 Summon Ice Beast         Ice/Summ       ######..     1%          4    None
 Summon Mana Viper        Hex/Summ       ######..     1%          5    ###....
 Inner Flame              Hex/Fire       ####....     2%          3    None
 Poisonous Vapours        Pois/Air       ###...       3%          2    None
 Sticky Flame             Conj/Fire      #####...     3%          4    None
 Throw Icicle             Conj/Ice       #####...     3%          4    None
 Iskenderun's Battlesphe  Conj/Chrm      ######..     3%          5    ###....
 Venom Bolt               Conj/Pois      ######....   5%          5    ###....
 Blade Hands              Tmut           #####.....   6%          5    ###....
 Bolt of Magma            Conj/Fire/Erth #####.....   6%          5    ###....
 Lightning Bolt           Conj/Air       #####.....   6%          5    ###....
 Fireball                 Conj/Fire      #####.....   9%          5    ###....
 Summon Hydra             Summ           ######....   9%          7    ######.
 Ice Form                 Ice/Tmut       ####....     10%         4    None
 Borgnjor's Vile Clutch   Necr/Erth      #####.....   11%         5    ###....
 Animate Dead             Necr           N/A          16%         4    None
 Alistair's Intoxication  Tmut/Pois      #####...     17%         5    ###....
 Orb of Destruction       Conj           ######....   19%         7    ######.
 Airstrike                Air            ###.......   21%         4    None
 Metabolic Englaciation   Hex/Ice        ####......   24%         5    ###....
 Hydra Form               Tmut           #####.....   32%         6    #####..
 Freezing Cloud           Conj/Ice/Air   #####.....   65%         6    #####..
 Dispersal                Tloc           #####.....   71%         6    #####..
 Dragon Form              Tmut           #####.....   88%         7    ######.
 Death Channel            Necr           ####......   93%         6    #####..
 Simulacrum               Ice/Necr       ###.......   98%         6    #####..
 Ring of Flames           Chrm/Fire      ####......   100%        7    ######.
 Controlled Blink         Tloc           N/A          100%        8    #######
 Discord                  Hex            ######....   100%        8    #######
 Disjunction              Tloc           #####.....   100%        8    #######
 Ignition                 Fire           ###.......   100%        8    #######
 Portal Projectile        Hex/Tloc       Unusable     N/A         3    N/A
 Spectral Weapon          Hex/Chrm       Unusable     N/A         3    N/A

Dungeon Overview and Level Annotations

Branches:
Dungeon (15/15)            Temple (1/1) D:6            Lair (6/6) D:11
 Shoals (4/4) Lair:3        Snake (4/4) Lair:2        Slime (5/5) Lair:6
    Orc (2/2) D:11            Elf (3/3) Orc:2        Vaults (4/5) D:13
  Crypt (0/3) Vaults:2     Depths (5/5) D:15            Zot (0/5) Depths:5

Altars:
Ashenzari
Cheibriados
Dithmenos
Elyvilon
Fedhas
Gozag
Hepliaklqana
Kikubaaqudgha
Makhleb
Nemelex Xobeh
Okawaru
Qazlal
Ru
Sif Muna
Trog
Uskayaw
Vehumet
Wu Jian
Xom
Yredelemnul
Zin
The Shining One
Beogh
Jiyva
Lugonu

Shops:
D:4 *   D:10 [   D:11 *   Orc:2 ([*=(=*   Elf:3 ?   Vaults:4 !   Depths:1 *

Portals:
Hell: Depths:2 Depths:3 Depths:4 Depths:5
Abyss: Depths:2 Depths:4
Pandemonium: Depths:3 Depths:4
Ziggurat: Depths:5

Annotations:
D:5 exclusion: centaur
D:8 3 runed translucent doors, KristoblXynda's ghost, novice DrGl
Lair:2 exclusion: oklob plant
Slime:5 Royal Jelly
Orc:2 exclusion: oklob plant
Elf:2 3 runed translucent doors
Vaults:2 1 runed translucent door, Geloitur's ghost, veteran SpEE
Vaults:3 exclusion: 2 doors, Mennas
Depths:2 exclusion: door
Depths:3 exclusion: 2 doors
Pan Cerebov


Innate Abilities, Weirdness & Mutations

You cannot wear armour.
You are incapable of wielding weapons or throwing items.
Your paws allow you to move quietly. (Stealth)
You have sharp claws.
You have razor-sharp teeth.
You have supernaturally acute eyesight. (SInv)
You are carnivorous and can eat meat at any time.
You cover ground quickly.
Your thick and shaggy fur keeps you warm. (AC +3, rC+)
You have a slow metabolism.
Your sharp claws are effective at attacking unaware monsters.
You are partially covered in slimy green scales. (AC +2)
You have a somewhat thin skeletal structure. (Dex +2, Stealth)
You can translocate small distances at will.
You are robust. (+10% HP)
You do not regenerate when monsters are visible.
You have acidic saliva.
Your rubbery body absorbs attacks. (AC +1, EV +1)
Armour fits poorly on your pseudopods.
Your translucent skin reduces your foes' accuracy. (Stealth)
You evolve.


Message History

You hear a distant slurping noise.
Jiyva alters your body.
Your thin metallic scales disappear.
Jiyva appreciates your sacrifice.
You feel a little less hungry.
You feel better. Jiyva appreciates your sacrifice.
You feel a little less hungry.
You feel better.
Your acid blob hits Cerebov.
Cerebov is splashed with acid.
Cerebov seems to be corroded for longer.
You hear a distant slurping noise.
Jiyva appreciates your sacrifice.
You feel a little less hungry.
You feel better.
Okay, then.
Okay, then.
Something completely misses your acid blob.
Something hits your acid blob. x2
Cerebov gestures at you. The iron shot hits you!!!
Ouch! That really hurt!
You die...

...#* *,,,*** * ....#*
###############.,,,,***
.....#*#....#........'.,,,,,,*
......##....#........#,,,,,***
.......#....#........#,,,*'******
......2'....'........#,***,,,,,,,
#......#....#J.....#****,*,,,,,,,
###.1..#....#.&..###,,,,,**,,,,,,
..#'#..#....#..#@#.#,,,,,,',,,,,,
....############...##..,,,**,,,,,
......*#.....#......'...,,,*,,,,,
.....####....##.....##..,,,**,,,,
.....#..#............#+*,,,,*,,,,
....##..##....##...###,***+****'*
....+....'.....#.#'#,,,,**,*,,,,,
...##....##....###.#*************
##.#......#.....'..# *****


You could see Cerebov and a friendly acid blob.

Vanquished Creatures
  Mnoleg (Pan)
  A golden dragon (Depths:5)
  Rupert (Lair:6)
  3 tentacled monstrosities
  A titan (Pan)
  2 deep elf blademasters (Elf:3)
  2 deep elf master archers (Elf:3)
  12 Executioners (Pan)
  3 sphinxes
  Frances (D:12)
  3 storm dragons
  4 tengu reavers
  2 draconian monks (Depths:5)
  Donald (Vaults:1)
  Kirke (D:13)
  2 daevas (Pan)
  3 blood saints (Pan)
  9 deep elf sorcerers
  7 frost giants
  3 nagarajas (Snake:4)
  A draconian knight (Depths:5)
  6 vault wardens
  4 large abominations
  2 cacodemons (Pan)
  7 fire giants
  An iron dragon (Depths:4)
  A black sun (Pan)
  A warmonger (Pan)
  5 deep elf elementalists
  5 balrugs (Pan)
  17 angels (Pan)
  2 draconian annihilators
  A juggernaut skeleton (Depths:2)
  A reaper (Pan)
  13 ironheart preservers
  A war gargoyle (Vaults:4)
  19 very ugly things
  A vampire knight (Depths:2)
  6 stone giants
  14 ophanim (Pan)
  3 red draconians (Depths:5)
  Nessos (D:14)
  3 black draconians (Depths:5)
  3 green draconians (Depths:5)
  18 apis (Pan)
  5 purple draconians (Depths:5)
  7 white draconians (Depths:5)
  6 deep elf demonologists
  6 lorocyprocas (Pan)
  7 spark wasps (Depths:5)
  5 deep elf annihilators
  3 merfolk javelineers
  Snorg (Lair:3)
  5 blizzard demons (Pan)
  5 deep elf death magi
  9 ettins
  4 green deaths (Pan)
  A deep elf high priest (Elf:1)
  2 jiangshi (Depths:3)
  11 fire dragons
  10 yaktaur captains
  A quicksilver dragon skeleton (Pan)
  A quicksilver dragon zombie (Depths:2)
  Erolcha (D:13)
  4 rakshasas
  8 ice dragons
  6 merfolk impalers
  7 hydras
  15 naga warriors
  A monstrous demonspawn (Pan)
  A hell beast (Pan)
  8 vault guards
  8 ogre magi
  A spriggan air mage (Depths:3)
  6 centaur warriors
  6 merfolk aquamancers
  7 dancing weapons
  13 anacondas
  24 two-headed ogres
  2 death knights
  4 deep troll shamans
  A small abomination (Elf:3)
  10 deep troll earth magi
  2 death yaks (Lair:2)
  2 hell hogs (Depths:1)
  6 naga sharpshooters
  A spriggan berserker (Depths:3)
  3 tengu warriors
  4 vampire magi
  3 shock serpents
  22 deep elf knights
  12 hell knights
  6 soul eaters (Pan)
  20 sun demons (Pan)
  9 sixfirhies (Pan)
  8 salamander mystics
  3 iron trolls
  12 skeletal warriors
  8 shadow wraiths
  2 shadow demons (Pan)
  4 flayed ghosts
  11 sea snakes
  A tengu zombie (Vaults:4)
  9 cherubim (Pan)
  3 torturous demonspawn (Pan)
  2 unseen horrors (Pan)
  23 deep trolls
  22 deep elf archers
  3 phantasmal warriors
  10 naga ritualists
  10 necromancers
  A gelid demonspawn (Pan)
  12 orc knights
  4 lindwurms
  A fire giant zombie (Vaults:4)
  10 ironbrand convokers
  14 harpies
  3 orc sorcerers
  6 cyclopes
  2 wolf spiders (Vaults:2)
  2 human zombies (Vaults:4)
  12 manticores
  51 deep elf magi
  8 mana vipers
  37 ugly things
  11 fauns
  2 tengu skeletons
  9 salamanders
  3 guardian serpents
  A rust devil (Pan)
  15 elephants
  A stone giant skeleton (Pan)
  15 naga magi
  11 vault sentinels
  2 water nymphs
  4 merfolk sirens
  4 orange demons (Pan)
  A guardian serpent (shapeshifter) (Vaults:4)
  9 spiny frogs
  27 black mambas
  A torpor snail (shapeshifter) (Elf:2)
  2 gargoyles
  12 smoke demons (Pan)
  A torpor snail (Lair:3)
  A yaktaur zombie (Vaults:4)
  6 efreet
  2 rime drakes
  3 kobold demonologists
  10 komodo dragons
  38 yaktaurs
  9 hellwings (Pan)
  A demonic crawler (Pan)
  A tormentor (Pan)
  6 freezing wraiths
  4 anaconda simulacra (IceCv)
  4 tengu conjurers
  2 golden dragon simulacra (IceCv)
  8 red devils (Pan)
  5 ice devils (IceCv)
  A jumping spider (shapeshifter) (Elf:3)
  A meliai (shapeshifter) (Vaults:2)
  7 trolls
  3 wind drakes
  A harpy skeleton (D:14)
  4 polar bears (Lair:6)
  21 merfolk
  A wind drake (shapeshifter) (Vaults:1)
  A hydra skeleton (Pan)
  3 dream sheep (shapeshifter)
  5 hornets
  7 blink frogs
  12 snapping turtles
  7 hippogriffs
  17 dream sheep
  A hippogriff (shapeshifter) (D:15)
  A stone giant simulacrum (Vaults:1)
  An air elemental (Elf:3)
  7 ynoxinuls (Pan)
  An ice dragon skeleton (Pan)
  A vampire (D:13)
  12 spriggans
  28 water elementals
  3 wraiths
  A wyvern (Lair:1)
  3 shadows
  42 yaks
  9 humans (D:13)
  Grum (D:9)
  A black mamba skeleton (Pan)
  A chaos spawn (Pan)
  An elf zombie (Vaults:4)
  2 fire elementals
  3 basilisks
  10 neqoxecs (Pan)
  4 hungry ghosts
  A hog (D:13)
  A steam dragon (D:8)
  3 vampire mosquitoes (D:14)
  A warg (shapeshifter) (Depths:3)
  5 wargs
  43 nagas
  An acid dragon (D:12)
  A soldier ant (D:11)
  4 harpy simulacra (IceCv)
  A hydra simulacrum (IceCv)
  5 porcupines
  7 hell hounds
  13 water moccasins
  A deep troll skeleton (Vaults:4)
  3 ettin simulacra
  8 sky beasts
  2 ice beasts
  3 swamp drakes (Depths:5)
  38 orc warriors
  6 necrophages (Lair:5)
  2 black bears (Lair:6)
  15 boggarts
  22 ogres
  A phantom (D:10)
  A human skeleton (Vaults:4)
  32 wolves
  13 centaurs
  9 crocodiles
  9 big kobolds
  12 bullfrogs
  4 earth elementals
  3 scorpions
  An elephant simulacrum (IceCv)
  8 killer bees
  An electric eel (Snake:1)
  17 wights
  2 howler monkeys
  2 centaur zombies
  6 crimson imps
  5 bullfrog zombies
  2 quasits
  2 draconian simulacra (IceCv)
  5 hounds
  An iron imp (Depths:5)
  5 centaur skeletons
  15 orc priests
  3 jellies
  27 orc wizards
  3 iguanas
  15 worker ants
  A spriggan simulacrum (IceCv)
  A polar bear simulacrum (IceCv)
  2 wolf simulacra (IceCv)
  A centaur simulacrum (IceCv)
  A hound zombie (D:9)
  A hound skeleton (D:8)
  A mummy (D:5)
  2 worker ant zombies
  A howler monkey zombie (D:6)
  3 gnolls (D:7)
  12 adders
  3 ogre simulacra (IceCv)
  3 shadow imps
  7 white imps (IceCv)
  5 ufetubi (IceCv)
  3 worms
  2 dart slugs
  5 leopard geckos
  81 orcs
  2 giant cockroaches (D:1)
  6 hobgoblins
  11 jackals
  26 kobolds
  4 quokkas
  3 bats
  4 frilled lizards
  6 goblins
  A hobgoblin zombie (D:5)
  2 kobold zombies (D:5)
  A leopard gecko skeleton (D:4)
  An orc zombie (D:5)
  A quokka skeleton (D:8)
  5 rats
  2 fungi (Lair:6)
  A plant (Shoals:4)
1860 creatures vanquished.

Vanquished Creatures (collateral kills)
  A golden dragon (Depths:4)
  A pearl dragon (Pan)
  A Brimstone Fiend (Pan)
  A lich (Depths:4)
  An Ice Fiend (IceCv)
  2 titans (Pan)
  A deep elf master archer (Elf:3)
  An ancient champion (Vaults:2)
  3 Executioners (Pan)
  A draconian monk (Depths:5)
  A daeva (Pan)
  A storm dragon (Pan)
  An iron dragon (Depths:5)
  7 nagarajas
  A frost giant (Depths:3)
  3 deep elf sorcerers (Elf:3)
  2 cacodemons (Pan)
  13 balrugs (Pan)
  Aizul (Snake:1)
  3 vault wardens
  A blood saint (Pan)
  3 draconian annihilators
  A corrupter (Pan)
  3 stone giants
  A very ugly thing (Depths:1)
  A vampire knight (Vaults:2)
  Azrael (Snake:1)
  A deep elf demonologist (Elf:3)
  A red draconian (Depths:5)
  A white draconian (Depths:5)
  5 blizzard demons (Pan)
  4 deep elf annihilators
  2 ettins (Orc:2)
  2 merfolk javelineers (Shoals:4)
  2 merfolk impalers
  A yaktaur captain (Vaults:2)
  A jiangshi (Depths:3)
  2 green deaths (Pan)
  A deep elf high priest (Elf:3)
  An anaconda (Snake:4)
  5 naga warriors
  4 satyrs
  2 merfolk avatars
  3 merfolk aquamancers
  11 dancing weapons
  4 naga sharpshooters
  10 shock serpents
  10 sun demons (Pan)
  4 deep elf knights
  3 salamander mystics
  4 soul eaters (Pan)
  2 deep trolls (Depths:5)
  4 sixfirhies (Pan)
  A death drake (Depths:5)
  An infernal demonspawn (Pan)
  3 torturous demonspawn (Pan)
  3 wizards (Pan)
  2 sea snakes (Shoals:2)
  6 deep elf archers
  A storm dragon skeleton (Pan)
  3 naga ritualists
  A phantasmal warrior (Depths:2)
  4 harpies
  2 ugly things
  4 salamanders
  2 orc sorcerers
  4 fauns
  6 deep elf magi
  2 mana vipers (Snake:4)
  8 cyclopes
  2 manticores (Shoals:4)
  2 large abominations (Pan)
  8 black mambas
  An ice statue (IceCv)
  5 smoke demons (Pan)
  2 merfolk sirens
  2 guardian serpents
  7 naga magi
  2 orange demons (Pan)
  2 water nymphs
  3 efreet (Pan)
  3 yaktaurs
  A hellwing (Pan)
  5 red devils (Pan)
  A wind drake (Shoals:2)
  A troll (Vaults:4)
  8 merfolk
  3 dream sheep
  A dire elephant simulacrum (IceCv)
  4 ynoxinuls (Pan)
  4 water elementals
  A yak (D:13)
  A vampire mosquito (D:14)
  25 nagas
  A hell hound (Snake:1)
  4 orc warriors (Orc:2)
  An ettin simulacrum (IceCv)
  An ogre (Orc:2)
  An electric eel (Snake:1)
  A crimson imp (Pan)
  A human simulacrum (Vaults:4)
  An orc priest (Orc:2)
  A human skeleton (Pan)
  3 orcs (Orc:2)
  A crawling corpse (Elf:3)
310 creatures vanquished.

Vanquished Creatures (others)
  A Brimstone Fiend (Pan)
  A tentacled monstrosity (Depths:4)
  A titan (Pan)
  A quicksilver dragon (Depths:2)
  4 acid blobs
  2 sphinxes (Depths:3)
  2 tengu reavers
  An azure jelly (Depths:2)
  2 fire giants
  A deep elf sorcerer (Depths:2)
  3 balrugs (Pan)
  A stone giant (Depths:2)
  2 very ugly things (Depths:2)
  3 deep elf annihilators
  A purple draconian (Depths:5)
  2 ettins
  2 blizzard demons (Pan)
  An ettin (shapeshifter) (Elf:1)
  A green death (Pan)
  A death ooze (Depths:5)
  2 yaktaur captains (Depths:4)
  6 great orbs of eyes
  A naga warrior (Snake:4)
  A vault guard (D:13)
  An ice dragon (Depths:2)
  A centaur warrior (Depths:1)
  An ogre mage (Vaults:1)
  A deep troll shaman (Depths:5)
  A tengu warrior (Depths:3)
  A deep troll earth mage (Depths:1)
  2 spriggan berserkers (Depths:2)
  A deep elf knight (Vaults:1)
  3 sun demons (Pan)
  A fire crab (shapeshifter) (Vaults:1)
  A skeletal warrior (Vaults:1)
  An unseen horror (shapeshifter) (Vaults:4)
  3 glowing orange brains
  2 wizards
  A shining eye (shapeshifter) (Elf:2)
  A necromancer (Depths:3)
  An orc knight (Vaults:2)
  A salamander (Snake:3)
  A cyclops (Orc:2)
  4 deep elf magi
  A wolf spider (shapeshifter) (Depths:2)
  3 large abominations (Pan)
  An ugly thing (Depths:2)
  A vault sentinel (Vaults:1)
  A spiny frog (shapeshifter) (Depths:4)
  An orange demon (Pan)
  A water nymph (Shoals:4)
  4 yaktaurs (Depths:4)
  A yaktaur (shapeshifter) (D:15)
  3 tengu conjurers
  A komodo dragon (shapeshifter) (Depths:2)
  A hydra skeleton (Pan)
  2 dream sheep (Shoals:4)
  39 slime creatures
  A human (D:13)
  A shadow (D:14)
  3 water elementals
  A basilisk (shapeshifter) (Depths:4)
  3 floating eyes
  3 nagas (Snake:4)
  A hell hound (Depths:1)
  A swamp drake (Depths:5)
  A black bear (shapeshifter) (Depths:3)
  A merfolk skeleton (Pan)
  An eye of draining (shapeshifter) (D:14)
  2 ogres
  9 boggarts
  A tengu (shapeshifter) (D:14)
  A bullfrog (shapeshifter) (D:15)
  2 wights (D:13)
  464 jellies
  2 orc priests
  An orc wizard (Orc:2)
  A worker ant (D:13)
  A shadow imp (Depths:4)
  2 ufetubi (IceCv)
  7 ball lightnings (Pan)
  8 orcs
  A block of ice (Pan)
  30 fungi
  64 plants
  4 tentacles (Shoals:3)
749 creatures vanquished.

Grand Total: 2919 creatures vanquished

Notes
Turn   | Place    | Note
-------+----------+-------------------------------------------
     0 | D:1      | Lavandula the Felid Warper began the quest for the Orb.
     0 | D:1      | Reached XP level 1. HP: 9/9 MP: 4/4
   214 | D:1      | Reached XP level 2. HP: 13/13 MP: 6/6
   368 | D:1      | Reached skill level 3 in Unarmed Combat
   673 | D:1      | Learned a level 2 spell: Shroud of Golubria
   676 | D:1      | Learned a level 2 spell: Blink
  1060 | D:2      | Found an iron altar of Okawaru.
  1343 | D:2      | Reached XP level 3. HP: 15/16 MP: 5/7
  2188 | D:2      | Reached skill level 4 in Unarmed Combat
  2198 | D:2      | Found a glowing silver altar of Zin.
  3273 | D:3      | Reached XP level 4. HP: 19/19 MP: 5/8
  3583 | D:4      | Slain by an orc
  3584 | D:4      | Reached XP level 3. HP: -2/16 MP: 6/7
  3723 | D:4      | Found Lileenou's Assorted Antiques.
  3736 | D:4      | Bought a scroll labeled GENACZ KASYDU for 28 gold pieces
  3736 | D:4      | Bought a scroll labeled WYOCKI WUXENT for 28 gold pieces
  3736 | D:4      | Bought a scroll labeled APSE HUIX WOELL for 28 gold pieces
  3736 | D:4      | Bought a scroll of identify for 56 gold pieces
  3859 | D:4      | Reached skill level 1 in Stealth
  4261 | D:5      | Entered Level 5 of the Dungeon
  4266 | D:5      | Noticed a centaur
  4634 | D:5      | Reached XP level 4. HP: 15/19 MP: 6/8
  5021 | D:6      | Noticed a sky beast
  5364 | D:6      | Reached skill level 5 in Unarmed Combat
  5940 | D:6      | Found a bloodstained altar of Trog.
  5950 | D:6      | Reached XP level 5. HP: 22/22 MP: 9/9
  6560 | D:6      | Found a staircase to the Ecumenical Temple.
  6566 | Temple   | Entered the Ecumenical Temple
  6691 | D:6      | Noticed a sky beast
  6712 | D:6      | Killed a sky beast
  6712 | D:6      | Reached skill level 6 in Unarmed Combat
  6712 | D:6      | Gained mutation: You are covered in thick fur. (AC +2)
                  | [Felid growth]
  6712 | D:6      | Reached XP level 6. HP: 16/26 MP: 8/10
  6886 | D:6      | Killed a sky beast
  7062 | D:6      | Noticed a sky beast
  7075 | D:6      | Killed a sky beast
  7075 | D:6      | Reached skill level 7 in Unarmed Combat
  7150 | D:5      | Reached XP level 7. HP: 30/30 MP: 4/11
  7469 | D:5      | Reached skill level 8 in Unarmed Combat
  8561 | D:7      | Found an ornate altar of the Wu Jian Council.
  8607 | D:7      | Reached XP level 8. HP: 36/36 MP: 9/12
  8729 | D:7      | Reached skill level 9 in Unarmed Combat
  9636 | D:7      | Reached skill level 10 in Unarmed Combat
  9834 | D:7      | Found an ancient bone altar of Kikubaaqudgha.
  9975 | D:8      | Found a shadowy altar of Dithmenos.
 10057 | D:8      | Found a runed translucent gate.
 10057 | D:8      | Found a runed translucent gate.
 10057 | D:8      | Found a runed translucent gate.
 10061 | D:8      | Noticed KristoblXynda's ghost (novice DrGl)
 10063 | D:8      | Reached XP level 9. HP: 10/39 MP: 10/13
 10095 | D:8      | Reached skill level 11 in Unarmed Combat
 10105 | D:8      | Found a flagged portal.
 10111 | D:8      | HP: 1/39 [goblin/+0 spear (2)]
 10116 | Bailey   | Entered a bailey
 10131 | Bailey   | Noticed an orc knight
 10545 | D:8      | Learned a level 4 spell: Passage of Golubria
 10721 | D:8      | Learned a level 3 spell: Mephitic Cloud
 10902 | D:8      | Reached skill level 1 in Air Magic
 10922 | D:8      | Found a snail-covered altar of Cheibriados.
 10925 | D:8      | Found a shattered altar of Ashenzari.
 11051 | D:8      | Found a shattered altar of Ashenzari.
 11054 | D:8      | Reached skill level 1 in Conjurations
 11513 | D:8      | Noticed a two-headed hydra
 11526 | D:8      | Killed a two-headed hydra
 11526 | D:8      | Reached skill level 5 in Spellcasting
 11526 | D:8      | Reached XP level 10. HP: 43/43 MP: 10/19
 11531 | D:8      | Learned a level 3 spell: Conjure Flame
 12473 | D:9      | Reached skill level 5 in Dodging
 12954 | D:9      | Reached skill level 5 in Fighting
 12958 | D:9      | Noticed Grum
 12964 | D:9      | Killed Grum
 13415 | D:10     | Entered Level 10 of the Dungeon
 13857 | D:10     | Reached skill level 12 in Unarmed Combat
 13928 | D:10     | Noticed a two-headed ogre
 13943 | D:10     | Killed a two-headed ogre
 14193 | D:10     | Reached skill level 13 in Unarmed Combat
 14326 | D:10     | Reached XP level 11. HP: 34/48 MP: 9/20
 14749 | D:10     | Learned a level 3 spell: Dazzling Spray
 14762 | D:10     | Found Pamuicke's Armour Shoppe.
 15210 | D:11     | Noticed a red ugly thing
 16625 | D:11     | Found a staircase to the Orcish Mines.
 17089 | D:11     | Noticed a two-headed ogre
 17326 | D:11     | Got a coiled pewter ring
 17545 | D:11     | Identified the ring "Hourovup" {rF- MP+9 Str+6 Dex+3} (You
                  | found it on level 11 of the Dungeon)
 17650 | D:11     | Found Bisaph's General Store.
 17686 | D:10     | HP: 2/48 [warg (17)]
 18166 | D:11     | Killed a two-headed ogre
 18282 | D:11     | Killed a red ugly thing
 18282 | D:11     | Reached skill level 14 in Unarmed Combat
 18349 | D:11     | Upgraded the game from 0.24-a0-507-g3e8b242632 to
                  | 0.24-a0-509-ga1643a6788
 18527 | D:11     | Found a staircase to the Lair.
 18545 | D:11     | Bought a wand of acid (5) for 288 gold pieces
 18811 | D:12     | Found a glowing silver altar of Zin.
 19077 | D:12     | Noticed Frances
 19110 | D:12     | Learned a level 2 spell: Searing Ray
 19604 | D:12     | Noticed a two-headed ogre
 19946 | Lair:1   | Entered Level 1 of the Lair of Beasts
 20151 | Lair:1   | Noticed a six-headed hydra
 20154 | Lair:1   | Reached skill level 5 in Conjurations
 20851 | Lair:2   | Found a staircase to the Snake Pit.
 21237 | Lair:2   | Found a blossoming altar of Fedhas.
 21253 | Lair:2   | Noticed an oklob plant
 21332 | Lair:3   | Noticed Snorg
 21342 | Lair:3   | Gained mutation: Your thick and shaggy fur keeps you warm.
                  | (AC +3, rC+) [Felid growth]
 21342 | Lair:3   | Reached XP level 12. HP: 53/53 MP: 21/21
 21481 | Lair:3   | Killed Snorg
 21481 | Lair:3   | Reached skill level 10 in Dodging
 21576 | Lair:3   | Noticed a death yak
 21579 | Lair:3   | Noticed a death yak
 21646 | Lair:2   | Killed a death yak
 22281 | Lair:3   | Reached skill level 5 in Stealth
 22296 | Lair:3   | Found a staircase to the Shoals.
 23847 | Lair:4   | Reached skill level 15 in Unarmed Combat
 24487 | Lair:5   | Found an ancient bone altar of Kikubaaqudgha.
 24676 | Lair:5   | Reached XP level 13. HP: 57/57 MP: 22/22
 25290 | Lair:6   | Entered Level 6 of the Lair of Beasts
 25507 | Lair:5   | Reached skill level 16 in Unarmed Combat
 25866 | Lair:5   | Learned a level 1 spell: Summon Butterflies
 25870 | Lair:5   | Learned a level 3 spell: Ozocubu's Armour
 25898 | Lair:6   | Reached skill level 1 in Charms
 26041 | Lair:6   | Noticed Rupert
 26591 | Lair:6   | Learned a level 3 spell: Regeneration
 26615 | Lair:6   | Found a viscous altar of Jiyva.
 26615 | Lair:6   | Found a staircase to the Slime Pits.
 26634 | Lair:6   | Became a worshipper of Jiyva Joicus the Shapeless
 26696 | Lair:6   | Reached skill level 1 in Summonings
 26912 | Lair:6   | Reached skill level 1 in Necromancy
 27071 | Lair:5   | Reached * piety under Jiyva
 27768 | Lair:6   | Reached ** piety under Jiyva
 27793 | Lair:6   | Killed Rupert
 27849 | Lair:6   | Reached skill level 1 in Evocations
 28184 | Lair:6   | Reached XP level 14. HP: 54/62 MP: 25/25
 28255 | Lair:6   | Reached *** piety under Jiyva
 28464 | Lair:1   | Gained mutation: You are robust. (+10% HP) [Jiyva's grace]
 28737 | D:11     | Bought a potion of curing for 48 gold pieces
 28737 | D:11     | Bought 2 potions of curing for 96 gold pieces
 28737 | D:11     | Bought a potion of cancellation for 128 gold pieces
 28786 | Orc:1    | Entered Level 1 of the Orcish Mines
 28847 | Orc:1    | Found a roughly hewn altar of Beogh.
 28932 | Orc:2    | Entered Level 2 of the Orcish Mines
 28941 | Orc:2    | Noticed a stone giant
 29202 | Orc:2    | Found Geogo's Antique Weapon Shoppe.
 29379 | Orc:1    | Gained mutation: Armour fits poorly on your pseudopods.
                  | [Jiyva's grace]
 29386 | Orc:1    | Reached **** piety under Jiyva
 29397 | Orc:1    | Lost mutation: Armour fits poorly on your pseudopods.
                  | [Jiyva's grace]
 29427 | Orc:1    | Reached ***** piety under Jiyva
 29509 | D:11     | Lost mutation: You are robust. (+10% HP) [Jiyva's grace]
 29766 | D:12     | Gained mutation: Your body has grown golden eyes which may
                  | confuse attackers. (Acc +3) [Jiyva's grace]
 29793 | D:12     | Killed Frances
 29882 | D:13     | Noticed Kirke
 29912 | D:13     | Killed Kirke
 29963 | D:13     | Reached skill level 17 in Unarmed Combat
 30002 | D:13     | Noticed Erolcha
 30021 | D:13     | Found a burning altar of Makhleb.
 30025 | D:13     | Killed Erolcha
 30154 | D:13     | Found a gate to the Vaults.
 30201 | D:13     | Gained mutation: You are agile. (Dex +2) [Jiyva's grace]
 30205 | D:13     | Reached ****** piety under Jiyva
 30664 | D:14     | Lost mutation: Your body has grown golden eyes which may
                  | confuse attackers. (Acc +3) [Jiyva's grace]
 30812 | D:12     | Gained mutation: You have a pair of small horns on your
                  | head. [Jiyva's grace]
 30975 | Slime:1  | Entered Level 1 of the Pits of Slime
 30979 | Slime:1  | Noticed an acid blob
 30980 | Slime:1  | Noticed an acid blob
 30985 | Slime:2  | Noticed an acid blob
 30985 | Slime:2  | Noticed an acid blob
 30992 | Slime:3  | Noticed an azure jelly
 30993 | Slime:3  | Noticed an azure jelly
 30997 | Slime:3  | Noticed an acid blob
 31003 | Slime:4  | Noticed an azure jelly
 31008 | Slime:5  | Entered Level 5 of the Pits of Slime
 31008 | Slime:5  | Noticed an acid blob
 31012 | Slime:5  | Gained mutation: Your system is resistant to poisons.
                  | (rPois) [Jiyva's grace]
 31016 | Slime:5  | Found a viscous altar of Jiyva.
 31017 | Slime:5  | Lost mutation: Your system is resistant to poisons. (rPois)
                  | [Jiyva's grace]
 31018 | Slime:5  | Noticed an acid blob
 31018 | Slime:5  | Noticed an acid blob
 31019 | Slime:5  | Noticed an acid blob
 31019 | Slime:5  | Gained mutation: You have a pair of horns on your head.
                  | [Jiyva's grace]
 31019 | Slime:5  | Noticed an acid blob
 31021 | Slime:5  | Lost mutation: You are agile. (Dex +2) [Jiyva's grace]
 31024 | Slime:5  | Identified the Incunabulum of Arcane Weapons and
                  | Self-Knowledge
 31028 | Slime:5  | Got an ancient jade ring
 31029 | Slime:5  | Noticed an acid blob
 31029 | Slime:5  | Noticed an acid blob
 31030 | Slime:5  | Noticed the Royal Jelly
 31031 | Slime:5  | Noticed an acid blob
 31038 | Slime:5  | Got a heavily runed marble ring
 31059 | Slime:5  | Got a slimy rune of Zot
 31062 | Slime:5  | Identified the ring "Hepumeuh" {rF+ Dex+6} (You found it on
                  | level 5 of the Pits of Slime)
 31066 | Slime:5  | Identified the ring of Hedonism {rN+ Dex+4} (You found it
                  | on level 5 of the Pits of Slime)
 31081 | Slime:5  | Noticed an acid blob
 31100 | Slime:3  | Noticed an acid blob
 31115 | Slime:1  | Noticed an acid blob
 31203 | Shoals:1 | Entered Level 1 of the Shoals
 31215 | Shoals:1 | Gained mutation: Your rubbery body absorbs attacks. (AC +1,
                  | EV +1) [Jiyva's grace]
 31282 | Lair:3   | Reached skill level 10 in Fighting
 31836 | Shoals:1 | Gained mutation: Your translucent skin slightly reduces
                  | your foes' accuracy. (Stealth) [Jiyva's grace]
 31880 | Shoals:1 | Gained mutation: You are agile. (Dex +2) [Jiyva's grace]
 32084 | Shoals:1 | Lost mutation: You are agile. (Dex +2) [Jiyva's grace]
 32184 | Shoals:2 | Reached XP level 15. HP: 51/72 MP: 18/26
 32565 | Shoals:2 | Lost mutation: You have a pair of horns on your head.
                  | [Jiyva's grace]
 32613 | Shoals:2 | Lost mutation: You have a pair of small horns on your head.
                  | [Jiyva's grace]
 32766 | Shoals:3 | Upgraded the game from 0.24-a0-509-ga1643a6788 to
                  | 0.24-a0-513-g284f782df5
 32818 | Shoals:3 | Lost mutation: Your rubbery body absorbs attacks. (AC +1,
                  | EV +1) [Jiyva's grace]
 33255 | Shoals:3 | Learned a level 5 spell: Summon Mana Viper
 33430 | Shoals:3 | Gained mutation: You are frail. (-10% HP) [Jiyva's grace]
 33467 | Shoals:3 | HP: 2/64 [merfolk aquamancer/torrent of water (36)]
 33478 | Shoals:3 | Reached skill level 5 in Hexes
 33487 | Shoals:3 | Lost mutation: Your translucent skin slightly reduces your
                  | foes' accuracy. (Stealth) [Jiyva's grace]
 33489 | Shoals:3 | Lost mutation: You are frail. (-10% HP) [Jiyva's power]
 33521 | Shoals:4 | Entered Level 4 of the Shoals
 33880 | Snake:1  | Entered Level 1 of the Snake Pit
 34014 | Snake:1  | Noticed Aizul
 34131 | Snake:1  | Killed Aizul
 34571 | Snake:1  | Reached skill level 5 in Summonings
 34664 | Snake:1  | Gained mutation: Your spells are a little harder to cast,
                  | but a little more powerful. [Jiyva's grace]
 34746 | Snake:1  | Noticed Azrael
 34787 | Snake:1  | Killed Azrael
 34960 | Snake:1  | Found a sparkling altar of Nemelex Xobeh.
 35105 | Snake:2  | Found a frozen archway.
 35113 | IceCv    | Entered an ice cave
 35604 | IceCv    | Gained mutation: Your rubbery body absorbs attacks. (AC +1,
                  | EV +1) [Jiyva's grace]
 35890 | IceCv    | Noticed an Ice Fiend
 35896 | IceCv    | HP: 1/73 [harpy simulacrum (8)]
 35897 | IceCv    | Slain by a harpy simulacrum
 35898 | IceCv    | Reached XP level 14. HP: -2/70 MP: 24/27
 36360 | IceCv    | Killed an Ice Fiend
 36505 | Snake:2  | Reached XP level 15. HP: 53/73 MP: 5/28
 36559 | Snake:2  | Was placed under penance by Jiyva
 36711 | Snake:2  | Was forgiven by Jiyva
 36736 | Snake:2  | Gained mutation: Your body has grown golden eyes which may
                  | confuse attackers. (Acc +3) [Jiyva's grace]
 37024 | Snake:2  | Gained mutation: Your body has grown many golden eyes which
                  | may confuse attackers. (Acc +5) [Jiyva's grace]
 37478 | Snake:3  | Gained mutation: You are partially covered in thin metallic
                  | scales. (AC +2) [Jiyva's grace]
 37571 | Snake:3  | Gained mutation: Your spells are harder to cast, but more
                  | powerful. [Jiyva's grace]
 37663 | Snake:3  | Gained mutation: You have acidic saliva. [Jiyva's grace]
 37707 | Snake:3  | Noticed a nagaraja
 37710 | Snake:3  | Noticed a nagaraja
 37750 | Snake:3  | Killed a nagaraja
 37838 | Snake:3  | Killed a nagaraja
 37863 | Snake:3  | Identified the +7 trident of Xenazos {elec, Str+3}
 38006 | Snake:3  | Gained mutation: Armour fits poorly on your pseudopods.
                  | [Jiyva's grace]
 38042 | Snake:4  | Entered Level 4 of the Snake Pit
 38069 | Snake:3  | Reached skill level 10 in Spellcasting
 38134 | Snake:3  | Gained mutation: You can translocate small distances at
                  | will. [Jiyva's grace]
 38455 | Snake:4  | Gained mutation: Your pliable body absorbs attacks. (AC +2,
                  | EV +2) [Jiyva's grace]
 39238 | Snake:4  | Learned a level 5 spell: Blade Hands
 39322 | Snake:4  | Reached skill level 1 in Transmutations
 39325 | Snake:4  | Reached XP level 16. HP: 75/78 MP: 25/32
 39380 | Snake:4  | Gained mutation: You have an increased reservoir of magic.
                  | (+10% MP) [Jiyva's grace]
 39394 | Snake:4  | Gained mutation: Your system is resistant to poisons.
                  | (rPois) [Jiyva's grace]
 39649 | Snake:4  | Lost mutation: You have acidic saliva. [Jiyva's grace]
 39650 | Snake:4  | Reached skill level 5 in Transmutations
 39658 | Snake:4  | Lost mutation: Your system is resistant to poisons. (rPois)
                  | [Jiyva's grace]
 39701 | Snake:4  | Gained mutation: You expend magic power (3 MP) to
                  | strengthen your wands. [Jiyva's grace]
 39889 | Snake:4  | Gained mutation: Your muscles are strong. (Str +2) [Jiyva's
                  | grace]
 40074 | Snake:4  | Gained mutation: Your gelatinous body deflects attacks. (AC
                  | +3, EV +3) [Jiyva's grace]
 40414 | Snake:4  | Reached skill level 10 in Stealth
 40714 | Snake:4  | Lost mutation: You can translocate small distances at will.
                  | [Jiyva's grace]
 40738 | Snake:4  | Gained mutation: You are partially covered in rugged brown
                  | scales. (AC +1, +3% HP) [Jiyva's grace]
 40804 | Snake:4  | Got a serpentine rune of Zot
 41118 | Shoals:3 | Gained mutation: Your muscles are very strong. (Str +4)
                  | [Jiyva's grace]
 41391 | Shoals:4 | Hit by a silver javelin thrown by a merfolk javelineer
 41392 | Shoals:4 | Reached XP level 15. HP: -1/75 MP: 7/34
 41647 | Shoals:4 | Lost mutation: Your gelatinous body deflects attacks. (AC
                  | +3, EV +3) [Jiyva's grace]
 41698 | Shoals:4 | Lost mutation: Your pliable body absorbs attacks. (AC +2,
                  | EV +2) [Jiyva's grace]
 41718 | Shoals:4 | Gained mutation: Your spells are much harder to cast, but
                  | much more powerful. [Jiyva's grace]
 41732 | Shoals:4 | Got a barnacled rune of Zot
 41994 | Shoals:4 | Lost mutation: Your spells are much harder to cast, but
                  | much more powerful. [Jiyva's grace]
 42028 | Shoals:4 | Reached XP level 16. HP: 51/80 MP: 11/35
 42148 | Shoals:4 | Reached skill level 18 in Unarmed Combat
 42149 | Shoals:4 | Gained mutation: You are partially covered in large bone
                  | plates. (SH +4) [Jiyva's grace]
 42470 | Shoals:4 | Gained mutation: You have a small jelly attached to you
                  | that may absorb incoming projectiles. [Jiyva's grace]
 42593 | Shoals:4 | Gained mutation: You are covered in slimy tendrils that may
                  | disarm your opponents. [Jiyva's grace]
 43104 | Orc:2    | Lost mutation: You have an increased reservoir of magic.
                  | (+10% MP) [Jiyva's grace]
 43137 | Orc:2    | Found Kauzykys's General Store.
 43147 | Orc:2    | Bought a scroll of identify for 24 gold pieces
 43165 | Orc:2    | Gained mutation: Your pliable body absorbs attacks. (AC +2,
                  | EV +2) [Jiyva's grace]
 43185 | Orc:2    | Found Dufuwom's Antique Weapon Emporium.
 43192 | Orc:2    | Found Pugg's Jewellery Emporium.
 43250 | Orc:2    | Found Siekaz's General Store.
 43281 | Orc:2    | Bought a scroll of random uselessness for 12 gold pieces
 43377 | Orc:2    | Gained mutation: You possess an exceptional clarity of
                  | mind. [Jiyva's grace]
 43408 | Orc:2    | Gained mutation: Your flesh is heat resistant. (rF+)
                  | [Jiyva's grace]
 43461 | Orc:2    | Found Reolouti's Jewellery Shop.
 43504 | Orc:2    | Lost mutation: You expend magic power (3 MP) to strengthen
                  | your wands. [Jiyva's grace]
 43527 | Orc:2    | Found Vachigats's Antique Armour Shop.
 43619 | Orc:2    | Found a staircase to the Elven Halls.
 43647 | Elf:1    | Entered Level 1 of the Elven Halls
 43677 | Elf:1    | Found a radiant altar of Vehumet.
 44163 | Elf:1    | Reached skill level 15 in Fighting
 44257 | Elf:1    | Identified a scroll of acquirement
 44260 | Elf:1    | Got a sparkling glass ring
 44617 | Elf:1    | Lost mutation: Your flesh is heat resistant. (rF+) [Jiyva's
                  | grace]
 44630 | Elf:1    | Lost mutation: Armour fits poorly on your pseudopods.
                  | [Jiyva's grace]
 44681 | Elf:1    | Gained mutation: Your translucent skin slightly reduces
                  | your foes' accuracy. (Stealth) [Jiyva's grace]
 45138 | Elf:2    | Noticed a Hell Sentinel
 45226 | Elf:2    | Found a radiant altar of Vehumet.
 45325 | Elf:2    | Reached XP level 17. HP: 87/87 MP: 18/33
 45548 | Elf:2    | Found a runed translucent gate.
 45549 | Elf:2    | Found a runed translucent gate.
 45558 | Elf:2    | Found a runed translucent gate.
 45695 | Elf:2    | Lost mutation: Your muscles are very strong. (Str +4)
                  | [Jiyva's grace]
 45755 | Elf:3    | Entered Level 3 of the Elven Halls
 45767 | Elf:3    | Found Wosut's Magic Scroll Shop.
 45776 | Elf:3    | Bought a scroll of teleportation for 39 gold pieces
 45910 | Orc:2    | Bought the ring of Robustness {AC+8} for 1536 gold pieces
 45910 | Orc:2    | Found the ring of Robustness {AC+8}
 46182 | D:14     | Lost mutation: Your translucent skin slightly reduces your
                  | foes' accuracy. (Stealth) [Jiyva's grace]
 46380 | D:14     | Noticed Nessos
 46398 | D:14     | Killed Nessos
 46586 | D:14     | Reached skill level 19 in Unarmed Combat
 46608 | D:14     | Lost mutation: Your muscles are strong. (Str +2) [Jiyva's
                  | grace]
 46608 | D:14     | Identified the +9 flail of Fedhas's Generosity {freeze,
                  | +Inv rF+}
 46982 | D:15     | Entered Level 15 of the Dungeon
 47030 | D:15     | Identified the ring "Niuck" {+Blink MR+ Int+2} (You
                  | acquired it on level 1 of the Elven Halls)
 47161 | D:15     | Found a staircase to the Depths.
 47280 | D:15     | Gained mutation: Your translucent skin slightly reduces
                  | your foes' accuracy. (Stealth) [Jiyva's grace]
 47385 | D:15     | Lost mutation: Your translucent skin slightly reduces your
                  | foes' accuracy. (Stealth) [Jiyva's grace]
 47704 | Vaults:1 | Entered Level 1 of the Vaults
 47710 | Vaults:1 | Lost mutation: Your spells are harder to cast, but more
                  | powerful. [Jiyva's grace]
 47987 | Vaults:1 | Noticed Donald
 48256 | Vaults:1 | Reached skill level 20 in Unarmed Combat
 48329 | Vaults:1 | Gained mutation: Your body sometimes deteriorates upon
                  | taking damage. [Jiyva's grace]
 48353 | Vaults:1 | Killed Donald
 48359 | Vaults:1 | Lost mutation: You are covered in slimy tendrils that may
                  | disarm your opponents. [Jiyva's grace]
 48635 | Vaults:1 | Reached XP level 18. HP: 92/92 MP: 21/34
 48700 | Vaults:1 | Gained mutation: Your body is covered in golden eyes which
                  | may confuse attackers. (Acc +7, SInv) [Jiyva's grace]
 48948 | Vaults:2 | Lost mutation: You have a small jelly attached to you that
                  | may absorb incoming projectiles. [Jiyva's grace]
 50040 | Vaults:2 | Found a staircase to the Crypt.
 50148 | Vaults:2 | Reached skill level 15 in Stealth
 50286 | Vaults:2 | Gained mutation: Your flesh is heat resistant. (rF+)
                  | [Jiyva's grace]
 50326 | Vaults:2 | Found a runed translucent door.
 50326 | Vaults:2 | Noticed Geloitur's ghost (veteran SpEE)
 50443 | Vaults:2 | Lost mutation: Your pliable body absorbs attacks. (AC +2,
                  | EV +2) [Jiyva's grace]
 50940 | Vaults:3 | Gained mutation: You can translocate small distances at
                  | will. [Jiyva's grace]
 50950 | Vaults:3 | Gained mutation: You are robust. (+10% HP) [Jiyva's grace]
 50966 | Vaults:3 | Gained mutation: Armour fits poorly on your pseudopods.
                  | [Jiyva's grace]
 51031 | Vaults:3 | Gained mutation: Your muscles are strong. (Str +2) [Jiyva's
                  | grace]
 51081 | Vaults:3 | Reached skill level 21 in Unarmed Combat
 51198 | Vaults:3 | Reached skill level 15 in Dodging
 51312 | Vaults:3 | Lost mutation: You are partially covered in rugged brown
                  | scales. (AC +1, +3% HP) [Jiyva's grace]
 51451 | Vaults:3 | Gained mutation: You have a small jelly attached to you
                  | that may absorb incoming projectiles. [Jiyva's grace]
 51653 | Vaults:3 | Noticed Mennas
 51855 | Vaults:4 | Reached XP level 19. HP: 100/103 MP: 25/35
 52416 | Vaults:4 | Found Lijex's Distillery.
 52428 | Vaults:4 | Bought a potion of resistance for 180 gold pieces
 52428 | Vaults:4 | Bought a potion of curing for 54 gold pieces
 52428 | Vaults:4 | Bought a potion of curing for 54 gold pieces
 52428 | Vaults:4 | Bought a potion of haste for 180 gold pieces
 52428 | Vaults:4 | Bought a potion of curing for 54 gold pieces
 52974 | Vaults:4 | Lost mutation: Your spells are a little harder to cast, but
                  | a little more powerful. [Jiyva's grace]
 53095 | Vaults:1 | Gained mutation: You are very robust. (+20% HP) [Jiyva's
                  | grace]
 53292 | Depths:1 | Entered Level 1 of the Depths
 53494 | Depths:1 | Lost mutation: Armour fits poorly on your pseudopods.
                  | [Jiyva's grace]
 53878 | Depths:1 | Gained mutation: Your spells are a little harder to cast,
                  | but a little more powerful. [Jiyva's grace]
 54255 | Depths:1 | Found Hounir's Pet Rocks.
 54311 | Depths:1 | Lost mutation: Your rubbery body absorbs attacks. (AC +1,
                  | EV +1) [Jiyva's grace]
 54347 | Depths:1 | Gained mutation: You have a small jelly attached to you
                  | that senses nearby items. [Jiyva's grace]
 54497 | Depths:2 | Found a one-way gate to the infinite horrors of the Abyss.
 54534 | Depths:2 | Noticed Louise
 54586 | Depths:2 | Slimified Louise
 54586 | Depths:2 | Noticed Louise
 54586 | Depths:2 | Louise changed into Louise the acid blob
 54587 | Depths:2 | Lost mutation: Your spells are a little harder to cast, but
                  | a little more powerful. [Jiyva's grace]
 54754 | Depths:2 | Found a gateway to Hell.
 54788 | Depths:2 | Found an iron altar of Okawaru.
 54788 | Depths:2 | Lost mutation: Your body sometimes deteriorates upon taking
                  | damage. [Jiyva's grace]
 54838 | Depths:2 | Gained mutation: Your muscles are very strong. (Str +4)
                  | [Jiyva's grace]
 54843 | Depths:2 | Noticed a golden dragon
 54863 | Depths:2 | Slimified a golden dragon
 54863 | Depths:2 | a golden dragon changed into an acid blob
 55064 | Depths:2 | Identified the amulet "Fytwo" {RegenMP rC++}
 55080 | Depths:2 | Reached XP level 20. HP: 100/123 MP: 36/36
 55092 | Depths:2 | Lost mutation: You possess an exceptional clarity of mind.
                  | [Jiyva's grace]
 55214 | Depths:2 | Identified the Disquisition on Twisted Curses
 55222 | Depths:2 | Learned a level 1 spell: Confusing Touch
 55306 | Depths:2 | Gained mutation: You evolve. [Jiyva's grace]
 55525 | Depths:3 | Gained mutation: Your system is resistant to poisons.
                  | (rPois) [Jiyva's grace]
 55607 | Depths:3 | Lost mutation: Your body is covered in golden eyes which
                  | may confuse attackers. (Acc +7, SInv) [Jiyva's grace]
 55916 | Depths:3 | Found a one-way gate leading to the halls of Pandemonium.
 55921 | Depths:3 | Gained mutation: Your flesh is very heat resistant. (rF++)
                  | [Jiyva's grace]
 55944 | Depths:3 | Gained mutation: You possess an exceptional clarity of
                  | mind. [Jiyva's grace]
 56217 | Depths:3 | Lost mutation: You have a small jelly attached to you that
                  | may absorb incoming projectiles. [Jiyva's grace]
 56324 | Depths:3 | Found a snail-covered altar of Cheibriados.
 56731 | Depths:3 | Gained mutation: You are partially covered in slimy green
                  | scales. (AC +2) [evolution]
 56844 | Depths:3 | Lost mutation: Your flesh is very heat resistant. (rF++)
                  | [Jiyva's grace]
 56984 | Depths:4 | Noticed a golden dragon
 57028 | Depths:4 | Lost mutation: You have a small jelly attached to you that
                  | senses nearby items. [Jiyva's grace]
 57103 | Depths:4 | Killed a golden dragon
 57274 | Depths:4 | Lost mutation: Your body has grown many golden eyes which
                  | may confuse attackers. (Acc +5) [Jiyva's grace]
 57302 | Depths:4 | Lost mutation: Your body has grown golden eyes which may
                  | confuse attackers. (Acc +3) [Jiyva's grace]
 57336 | Depths:4 | Gained mutation: Your rubbery body absorbs attacks. (AC +1,
                  | EV +1) [Jiyva's grace]
 57562 | Depths:4 | Lost mutation: Your flesh is heat resistant. (rF+) [Jiyva's
                  | grace]
 57573 | Depths:4 | Lost mutation: Your rubbery body absorbs attacks. (AC +1,
                  | EV +1) [Jiyva's grace]
 57645 | Depths:4 | You fall into a shaft and drop 1 floor!
 57645 | Depths:5 | Entered Level 5 of the Depths
 57802 | Depths:5 | Gained mutation: You are extremely robust. (+30% HP)
                  | [Jiyva's grace]
 57811 | Depths:5 | Reached skill level 22 in Unarmed Combat
 57878 | Depths:5 | Reached XP level 21. HP: 64/141 MP: 15/37
 57891 | Depths:5 | Lost mutation: Your muscles are very strong. (Str +4)
                  | [Jiyva's grace]
 57920 | Depths:5 | Gained mutation: Armour fits poorly on your pseudopods.
                  | [Jiyva's grace]
 58009 | Depths:5 | Noticed a golden dragon
 58119 | Depths:5 | Noticed a golden dragon
 58129 | Depths:5 | Killed a golden dragon
 58183 | Depths:4 | Found a corrupted altar of Lugonu.
 58733 | Depths:5 | Gained mutation: Your translucent skin slightly reduces
                  | your foes' accuracy. (Stealth) [Jiyva's grace]
 58853 | Depths:5 | Gained mutation: You have a small jelly attached to you
                  | that senses nearby items. [Jiyva's grace]
 59038 | Depths:5 | Noticed a juggernaut
 59052 | Depths:5 | Slimified a juggernaut
 59052 | Depths:5 | a juggernaut changed into an acid blob
 59080 | Depths:5 | Reached skill level 23 in Unarmed Combat
 59142 | Depths:5 | Learned a level 7 spell: Spellforged Servitor
 59181 | Depths:5 | Found a gateway to a ziggurat.
 59385 | Depths:5 | Gained mutation: Your translucent skin reduces your foes'
                  | accuracy. (Stealth) [Jiyva's grace]
 59453 | Depths:5 | Noticed a juggernaut
 59461 | Depths:5 | Slimified a juggernaut
 59461 | Depths:5 | a juggernaut changed into an azure jelly
 59628 | Depths:5 | Slimified a golden dragon
 59628 | Depths:5 | a golden dragon changed into an acid blob
 59774 | Depths:5 | Found a gate to the Realm of Zot.
 59776 | Depths:5 | Identified the +5 whip of Sloth {holy, +Blink rPois rF+
                  | Str+4}
 59817 | Depths:5 | Lost mutation: You have a small jelly attached to you that
                  | senses nearby items. [Jiyva's grace]
 60520 | Elf:3    | Lost mutation: You are partially covered in large bone
                  | plates. (SH +4) [Jiyva's grace]
 60555 | Elf:3    | Bought a scroll of amnesia for 45 gold pieces
 60555 | Elf:3    | Bought 2 scrolls of immolation for 91 gold pieces
 60555 | Elf:3    | Bought a scroll of teleportation for 39 gold pieces
 60555 | Elf:3    | Bought a scroll of summoning for 123 gold pieces
 60555 | Elf:3    | Bought a scroll of amnesia for 45 gold pieces
 60633 | Elf:3    | Lost mutation: Your muscles are strong. (Str +2) [Jiyva's
                  | grace]
 61037 | Elf:3    | Identified the +6 quarterstaff "Reucsa" {freeze, Int+4
                  | Dex+4}
 61037 | Elf:3    | Identified the +1 leather armour of Disappointment
                  | {*Corrode *Drain Regen+ Int+8}
 61056 | Elf:3    | Reached skill level 10 in Summonings
 61288 | Elf:3    | Identified the amulet of Qeghulaof {RegenMP MP+9 Int+10
                  | Dex-5}
 61321 | Elf:3    | Reached XP level 22. HP: 93/146 MP: 4/38
 61346 | Elf:3    | Lost mutation: Your system is resistant to poisons. (rPois)
                  | [Jiyva's grace]
 61404 | Elf:3    | Lost mutation: You possess an exceptional clarity of mind.
                  | [Jiyva's grace]
 61412 | Elf:3    | Lost mutation: Your translucent skin reduces your foes'
                  | accuracy. (Stealth) [Jiyva's grace]
 61426 | Elf:3    | Gained mutation: You have acidic saliva. [Jiyva's grace]
 61430 | Elf:3    | Identified the +1 robe "Zim Ruit" {rPois rC+ Str+4 Stlth+}
 61457 | Elf:3    | Identified the ring "Rumait" {+Fly rN+ Str+2 Stlth+}
 61472 | Elf:3    | Gained mutation: Your rubbery body absorbs attacks. (AC +1,
                  | EV +1) [Jiyva's grace]
 61505 | Elf:3    | Gained mutation: You are covered in slimy tendrils that may
                  | disarm your opponents. [Jiyva's grace]
 61507 | Elf:3    | Identified the Papyrus of Transformation
 61521 | Elf:3    | Identified Lapomig's Handbook of Quantum Flames
 61522 | Elf:3    | Gained mutation: Your translucent skin reduces your foes'
                  | accuracy. (Stealth) [Jiyva's grace]
 61551 | Elf:3    | Identified the Almanac of the Buccaneer
 61553 | Elf:3    | Identified the Tome of the Mutagenic Voyage
 61554 | Elf:3    | Lost mutation: You are extremely robust. (+30% HP) [Jiyva's
                  | grace]
 61582 | Elf:3    | Learned a level 1 spell: Apportation
 61590 | Elf:3    | Gained mutation: You have a somewhat thin skeletal
                  | structure. (Dex +2, Stealth) [Jiyva's grace]
 61815 | Orc:2    | Bought a potion of curing for 36 gold pieces
 61815 | Orc:2    | Bought a wand of acid (6) for 240 gold pieces
 61815 | Orc:2    | Bought a book of Callings for 360 gold pieces
 61888 | D:11     | Learned a level 4 spell: Summon Lightning Spire
 62191 | Pan      | Entered Pandemonium
 62229 | Depths:3 | Escaped Pandemonium
 62231 | Pan      | Entered Pandemonium
 62491 | Pan      | Found a white marble altar of Elyvilon.
 62561 | Pan      | Gained mutation: Potions are less effective at restoring
                  | your health. [Jiyva's grace]
 62581 | Pan      | Identified the ring "Pifeh" {+Blink MR+ Str+3} (You
                  | acquired it in Pandemonium)
 63156 | Pan      | Gained mutation: You have a small jelly attached to you
                  | that senses nearby items. [Jiyva's grace]
 63248 | Pan      | Lost mutation: Potions are less effective at restoring your
                  | health. [Jiyva's grace]
 63391 | Pan      | Reached skill level 10 in Conjurations
 63709 | Pan      | Gained mutation: You are agile. (Dex +2) [Jiyva's grace]
 63711 | Pan      | Noticed a seraph
 63732 | Pan      | Gained mutation: Your system is resistant to poisons.
                  | (rPois) [Jiyva's grace]
 63799 | Pan      | Found a glowing golden altar of the Shining One.
 63808 | Pan      | Identified the cursed +0 buckler of the Pits of Slime {rC-
                  | Str+5}
 63848 | Pan      | Identified Kuliattiesu's Incunabulum of Quantum Air
 63851 | Pan      | Got a demonic rune of Zot
 63852 | Pan      | Identified the Volume of Inquiry
 63857 | Pan      | Lost mutation: You are covered in slimy tendrils that may
                  | disarm your opponents. [Jiyva's grace]
 64209 | Depths:3 | Escaped Pandemonium
 64239 | Pan      | Entered Pandemonium
 64289 | Pan      | Noticed Togaowepn the pandemonium lord
 64674 | Pan      | Entered the realm of Mnoleg.
 64674 | Pan      | Noticed Mnoleg
 64676 | Pan      | Killed Mnoleg
 64687 | Pan      | Gained mutation: You are occasionally teleported next to
                  | monsters. [a neqoxec]
 64687 | Pan      | Gained mutation: You do not regenerate when monsters are
                  | visible. [a cacodemon]
 64707 | Pan      | Got a glowing rune of Zot
 64728 | Pan      | Gained mutation: Your magical capacity is low. (-10% MP) [a
                  | neqoxec]
 64744 | Pan      | Lost mutation: You are agile. (Dex +2) [a neqoxec]
 64796 | Pan      | Gained mutation: Your body sometimes deteriorates upon
                  | taking damage. [a neqoxec]
 64820 | Pan      | Gained mutation: You are clumsy. (Dex -2) [a neqoxec]
 64825 | Pan      | Gained mutation: Your body often deteriorates upon taking
                  | damage. [a cacodemon]
 64830 | Pan      | Lost mutation: Your magical capacity is low. (-10% MP)
                  | [Jiyva's power]
 64831 | Pan      | Lost mutation: You are occasionally teleported next to
                  | monsters. [Jiyva's power]
 64832 | Pan      | Lost mutation: Your body often deteriorates upon taking
                  | damage. [Jiyva's power]
 64833 | Pan      | Lost mutation: Your body sometimes deteriorates upon taking
                  | damage. [Jiyva's power]
 64834 | Pan      | Lost mutation: You are clumsy. (Dex -2) [Jiyva's power]
 64873 | Depths:3 | Escaped Pandemonium
 64922 | Pan      | Entered Pandemonium
 65010 | Pan      | Reached XP level 23. HP: 91/138 MP: 37/39
 65115 | Depths:3 | Escaped Pandemonium
 65181 | Pan      | Entered Pandemonium
 65198 | Pan      | Learned a level 6 spell: Iron Shot
 65223 | Pan      | Reached skill level 1 in Earth Magic
 65332 | Pan      | Gained mutation: Your muscles are strong. (Str +2) [Jiyva's
                  | grace]
 65410 | Pan      | HP: 6/138 [gelid blood saint/iceblast (32)]
 65410 | Pan      | Killed from afar by a gelid blood saint
 65411 | Pan      | Reached XP level 22. HP: -11/134 MP: 19/38
 65419 | Pan      | Found an exit through the horrors of the Abyss.
 65652 | Pan      | Noticed Ifireg the pandemonium lord
 65739 | Pan      | Lost mutation: Your translucent skin reduces your foes'
                  | accuracy. (Stealth) [Jiyva's grace]
 65795 | Pan      | Noticed Puyl the pandemonium lord
 65878 | Pan      | Entered the realm of Lom Lobon.
 65885 | Pan      | Found an exit through the horrors of the Abyss.
 66519 | Pan      | Noticed Lom Lobon
 66655 | Pan      | Got a magical rune of Zot
 66932 | Pan      | Noticed Lom Lobon
 67251 | Pan      | Found an exit through the horrors of the Abyss.
 67281 | Pan      | Entered the realm of Cerebov.
 67289 | Pan      | Noticed Lom Lobon
 67409 | Pan      | Found an exit through the horrors of the Abyss.
 67754 | Pan      | Lost mutation: You have a small jelly attached to you that
                  | senses nearby items. [Jiyva's grace]
 68020 | Pan      | Lost mutation: You are very robust. (+20% HP) [Jiyva's
                  | grace]
 68319 | Pan      | Lost mutation: Your muscles are strong. (Str +2) [Jiyva's
                  | grace]
 68326 | Pan      | Identified the +6 sword of Cerebov {flame}
 68326 | Pan      | Noticed Cerebov
 68386 | Pan      | Identified Ybbiepas's Guide on the Snowflakes
 68431 | Pan      | Got a fiery rune of Zot
 68469 | Pan      | Lost mutation: Your system is resistant to poisons. (rPois)
                  | [Jiyva's grace]
 68643 | Pan      | Learned a level 6 spell: Statue Form
 68650 | Pan      | Learned a level 5 spell: Irradiate
 68662 | Pan      | Entered the realm of Gloorx Vloq.
 68662 | Pan      | Identified the +6 sword of Cerebov {flame}
 68662 | Pan      | Noticed Cerebov
 68844 | Pan      | Mangled by an Executioner
 68845 | Pan      | Reached XP level 21. HP: -8/119 MP: 8/38
 69144 | Pan      | Reached skill level 5 in Earth Magic
 69292 | Pan      | Noticed Gloorx Vloq
 69572 | Pan      | Got a dark rune of Zot
 69634 | Pan      | Reached XP level 22. HP: 125/125 MP: 39/39
 69836 | Pan      | Gained mutation: Your translucent skin reduces your foes'
                  | accuracy. (Stealth) [Jiyva's grace]
 69892 | Pan      | Identified the ring of Zuoshron {+Fly rC++}
 69907 | Pan      | Identified the +6 sword of Cerebov {flame}
 69907 | Pan      | Noticed Cerebov
 69949 | Pan      | Lost mutation: You are partially covered in thin metallic
                  | scales. (AC +2) [Jiyva's grace]
 69952 | Pan      | Killed from afar by Cerebov

Levels and vault maps discovered:
D:1:      nzn_arrival_crosshair, layout_basic, ebering_dispersal_statue_hall,
          minivault_24, minmay_domino_4
D:2:      layout_loops_ring, lemuel_doored_altar, lemuel_altar_in_water
D:3:      layout_loops_ring, nicolae_overflow_hidden_temple
D:4:      layout_gridville, serial_shops, nicolae_shop_overgrown_old_shop
D:5:      layout_gridville, first_ration, minmay_mini_ossuary, uniq_grinder
D:6:      layout_layer_cave, bloody_trog, minmay_temple_entry_statues_pillars,
          roderic_roman_lattice
D:7:      layout_rooms, marbit_many_paths, minmay_ruined_shrine
D:8:      minmay_weird_star, layout_rooms, grunt_temple_overflow_open,
          basic_altar, ebering_ghost_rock_garden, enter_bailey_3,
          hangedman_ranch [blue_anna_fruit_fields]
D:9:      layout_basic, uniq_grum
D:10:     layout_basic, serial_shops, kennysheep_mini
D:11:     layout_long_grid, erik_lair_orcish_takeover, orc_0_dummy,
          serial_shops, shop
D:12:     layout_irregular_city, basic_altar, corexii_corridor_pit, uniq_frances
D:13:     layout_gridville, ximxim_vaults_locker_room, basic_altar,
          uniq_erolcha, uniq_kirke
D:14:     dragon1_lemuel, layout_irregular_city, skrybe_limestone_x,
          minmay_the_grid_2x2 [minmay_the_grid_empty,
          minmay_the_grid_broken_lines, minmay_the_grid_aliased_spiral,
          minmay_the_grid_prize_inner_circle], uniq_nessos
D:15:     gammafunk_enter_depths_forms, layout_basic
Temple:   regret_index_temple_waves
Lair:1:   layout_gridlike, grunt_megastairs_1, infiniplex_staircase_pool_2
Lair:2:   layout_small_grid, minmay_snake_entry_guardpost_small,
          fungi_pond_lemuel, chequers_serial_rivers_micro_e, tgw_fedhas
Lair:3:   layout_layer_cave, minmay_shoals_entry_beasts,
          eino_small_chamber_without_monster, grunt_megastairs_4, uniq_snorg
Lair:4:   layout_roguey, serial_bayou_shore_b, lemuel_fruit_fields
Lair:5:   layout_regular_city, basic_altar, roderic_carrion_pond
Lair:6:   minmay_lair_end_enchanted_forest, layout_loops_ring, slime_altar_1,
          uniq_rupert
Shoals:1: layout_shoals, nicolae_shoals_aquamancer_cove
Shoals:2: layout_shoals
Shoals:3: layout_shoals
Shoals:4: shoals_end_simple, layout_shoals
Snake:1:  layout_layer_cave, basic_altar, nicolae_snake_double_loop,
          nrook_loot_triangle, st_stairs_7, guppyfry_snake_island, uniq_aizul,
          uniq_azrael
Snake:2:  layout_misc_corridors, portal_ice_cave_entry_dragon
Snake:3:  layout_basic, nicolae_coiled_stairwell_up
Snake:4:  johnstein_snake_rune_scales, layout_misc_corridors
Slime:1:  layout_caves
Slime:2:  layout_caves
Slime:3:  layout_caves
Slime:4:  layout_caves
Slime:5
Orc:1:    layout_diamond_mine, basic_altar
Orc:2:    grunt_orc_gardens, layout_caves, grunt_orc_garden, grunt_orc_garden,
          grunt_orc_garden, grunt_orc_garden, serial_shops, nicolae_shop_stone,
          nicolae_shop_waterfront, shop, mines3_lemuel
Elf:1:    eino_elf_arrival_altar, layout_rooms, evilmike_minifort
Elf:2:    layout_geoelf_grid, minivault_20, david_defended_altar_elf
Elf:3:    minmay_elf_hall_furrowed, layout_geoelf_octagon, minmay_shop_star
Vaults:1: nicolae_vaults_circle_grid_a, nicolae_vaults_little_squares_5,
          v_pattern_4, vaults_room_octagon, hangedman_vaults_impose,
          ontoclasm_vaults_ligature, hangedman_vaults_pinch, v_rooms_2,
          hangedman_vaults_snaps, vaults_room_door_hall,
          nicolae_vaults_ring_of_whatevers, v_misc_19,
          ontoclasm_vaults_loading_screen, layout_vaults_big_cross, uniq_donald
Vaults:2: ebering_vaults_ghost_inner_flame, hangedman_vaults_slither,
          hangedman_vaults_stretched_pinwheel, hangedman_vaults_corner,
          minmay_crypt_entry_simple_box, nicolae_vaults_circle_grid_b,
          layout_vaults_quadrants
Vaults:3: vaults_mumra_chevron, nicolae_vaults_bisected_slash,
          vaults_standard_mumra_lines, st_cross, vaults_dpeg_encased_lava,
          vaults_mumra_chevron_long, v_misc_9, ontoclasm_vaults_ring_small,
          grunt_vaults_hallway_short, nicolae_vaults_diagonal_hallway_8,
          vaults_room_octagon, nicolae_vaults_border_crossing,
          ontoclasm_vaults_claustrophobia, nicolae_vaults_twisting_passages,
          ontoclasm_vaults_shuriken, nicolae_vaults_gold_heap,
          layout_vaults_maze_bifur, uniq_mennas
Vaults:4: nicolae_vaults_network_periphery, v_misc_16, v_alt_pattern_2,
          grunt_vaults_hallway_long, vaults_room_grid,
          nicolae_vaults_three_branches, v_alt_pattern_6, grunt_vaults_diagonal,
          v_misc_31, v_misc_13, nicolae_vaults_diagonal_hallway_7, v_misc_28,
          vaults_room_semicircle, vaults_dpeg_cross, layout_vaults_ring,
          serial_shops, shop
Depths:1: layout_twisted_cross, serial_bayou, serial_bayou_lake_a,
          serial_bayou_shore_a, serial_bayou_pond_c, serial_bayou_ford_a,
          grunt_hell_horde, hangedman_decor_growths,
          hangedman_abyss_or_decor_stabs, guppyfry_shop_earth
Depths:2: minmay_tearing_corner, layout_basic, pf_coc_iceberg,
          nicolae_abyss_entry_one_way_or_another, okawaru_ov_weapons_minmay,
          infiniplex_staircase_pillars_1
Depths:3: cell_vault, layout_gridville, pan_entry, cheibriados_altar_1,
          hell_entry
Depths:4: evilmike_diamond_2, layout_basic, hell_entry, nrook_campfire,
          grunt_pan_entry_spiral, abyss_entry_flame_altar,
          infiniplex_staircase_zigzag_2
Depths:5: lemuel_castle_with_subvaults [lemuel_castle_interior_original],
          layout_gridlike, enter_ziggurat_b, grunt_hell_entry_dis_grunt,
          minmay_misc_feat_diagonals, minmay_crystal_water, serial_bayou_shore_b
Pan:      evilmike_mini_pan_corridor, layout_pan_divisions_b
          [pan_division_quadrant_b2, pan_division_quadrant_b1,
          pan_division_quadrant_b3, pan_division_quadrant_b1], uniq_cerebov

Skill      XL: |  1  2  3  4  5  6  7  8  9 10 11 12 13 14 15 16 17 18 19 20 21 22 23 |
---------------+----------------------------------------------------------------------+-----
Unarmed Combat | 3 4 5 6 7 8 10 11 13 14 15 16 17 18 20 21 22 23 | 23.0
Stealth        | 1 2 4 8 12 16 | 16.3
Fighting       | 4 5 6 7 11 13 15 18 20 | 20.0
Air Magic      | 1 |  1.6
Conjurations   | 2 6 12 | 12.7
Poison Magic   | 2 |  2.0
Spellcasting   | 5 7 11 12 | 12.6
Dodging        | 5 8 10 12 13 14 16 17 | 17.0
Hexes          | 2 7 |  7.6
Charms         | 4 |  4.6
Summonings     | 2 6 11 14 | 14.6
Necromancy     | 2 |  2.3
Evocations     | 4 |  4.2
Transmutations | 1 7 |  7.1
Earth Magic    | 7 8 2 |  8.8
Translocations | |  4.4

Action                   |  1- 3 |  4- 6 |  7- 9 | 10-12 | 13-15 | 16-18 | 19-21 | 22-24 || total
-------------------------+-------+-------+-------+-------+-------+-------+-------+-------++-------
Melee: Unarmed           |   223 |   114 |   277 |   633 |  1283 |  1366 |  1573 |  1047 ||  6516
       Bite              |    19 |    11 |    31 |    77 |   163 |   167 |   215 |   174 ||   857
       Punch             |     4 |     2 |    13 |    45 |   124 |   144 |   185 |   150 ||   667
       Headbutt          |       |       |       |       |    39 |       |       |       ||    39
       Pseudopods        |       |       |       |       |    34 |   121 |   221 |   249 ||   625
 Cast: Shroud of Golubri |    20 |    19 |    49 |    85 |    92 |    46 |    24 |    23 ||   358
       Blink             |     2 |     3 |     6 |     4 |    40 |    10 |    13 |    51 ||   129
       Passage of Golubr |       |       |     3 |       |     3 |     2 |     1 |    36 ||    45
       Mephitic Cloud    |       |       |     2 |    92 |   159 |   126 |   100 |     8 ||   487
       Conjure Flame     |       |       |       |     6 |    18 |     1 |     2 |       ||    27
       Dazzling Spray    |       |       |       |    72 |   203 |    86 |    56 |    10 ||   427
       Ozocubu's Armour  |       |       |       |       |   105 |    52 |    47 |    31 ||   235
       Searing Ray       |       |       |       |       |     8 |       |       |       ||     8
       Regeneration      |       |       |       |       |    89 |    60 |    80 |    93 ||   322
       Summon Mana Viper |       |       |       |       |    67 |   116 |    76 |    28 ||   287
       Blade Hands       |       |       |       |       |       |    11 |     1 |       ||    12
       Confusing Touch   |       |       |       |       |       |       |     5 |    43 ||    48
       Spellforged Servi |       |       |       |       |       |       |     5 |    34 ||    39
       Statue Form       |       |       |       |       |       |       |     3 |     4 ||     7
       Apportation       |       |       |       |       |       |       |       |    25 ||    25
       Summon Lightning  |       |       |       |       |       |       |       |     5 ||     5
Invok: Request Jelly     |       |       |       |       |     4 |     1 |       |     4 ||     9
       Cure Bad Mutation |       |       |       |       |     1 |       |       |     5 ||     6
       Slimify           |       |       |       |       |       |       |    18 |     4 ||    22
 Abil: End Transformatio |       |       |       |       |       |     2 |     1 |     1 ||     4
Evoke: Wand              |       |       |    18 |     3 |    17 |     1 |       |     1 ||    40
       Lightning rod     |       |       |     3 |     2 |    10 |       |       |       ||    15
       Lamp of fire      |       |       |       |       |     1 |       |     3 |       ||     4
  Use: Scroll            |     7 |     2 |     3 |     2 |    27 |     7 |     6 |    20 ||    74
       Potion            |     1 |       |     2 |       |     5 |       |     1 |     1 ||    10
 Stab: Sleeping          |     7 |     5 |     8 |    13 |    26 |    31 |    31 |     8 ||   129
       Confused          |       |       |     1 |    60 |   115 |   135 |   142 |    54 ||   507
       Distracted        |       |       |     1 |       |    12 |    13 |    25 |    35 ||    86
       Invisible         |       |       |       |    14 |    76 |    18 |     5 |     1 ||   114
  Eat: Chunk             |    12 |     9 |    21 |    41 |    20 |       |       |     5 ||   108
       Ration            |       |       |       |       |       |       |       |     2 ||     2
Armor: Skin              |     7 |     2 |     9 |    14 |    34 |    68 |   176 |   158 ||   468
Dodge: Dodged            |   178 |    70 |   165 |   443 |  1403 |  1032 |  1382 |  1166 ||  5839
Block: Other             |       |       |       |    29 |    12 |   109 |   129 |       ||   279
       Reflection        |       |       |       |     2 |       |       |       |       ||     2

Table legend:
 A = Non-vault XP
 B = Vault XP
 C = Vault XP percentage of total XP
 D = Non-vault monster count
 E = Vault monster count
 F = Vault count percentage of total count
                 A         B        C        D         E       F
            +---------+---------+-------+---------+---------+-------
      Total |  670175 |  434812 |  39.3 |    1538 |     650 |  29.7
            +---------+---------+-------+---------+---------+-------
        D:1 |      22 |       5 |  18.5 |      11 |       4 |  26.7
        D:2 |      48 |       0 |   0.0 |      18 |       0 |   0.0
        D:3 |      42 |       0 |   0.0 |      13 |       0 |   0.0
        D:4 |      44 |       0 |   0.0 |       5 |       0 |   0.0
        D:5 |     174 |      22 |  11.2 |       7 |       5 |  41.7
        D:6 |     754 |       0 |   0.0 |      15 |       0 |   0.0
        D:7 |    1045 |     445 |  29.9 |      31 |       5 |  13.9
        D:8 |    1290 |    2104 |  62.0 |      29 |      12 |  29.3
        D:9 |     920 |     538 |  36.9 |      24 |       4 |  14.3
       D:10 |    4687 |     158 |   3.3 |      45 |       1 |   2.2
       D:11 |    3291 |     383 |  10.4 |      34 |       6 |  15.0
       D:12 |    3141 |    2342 |  42.7 |      28 |       1 |   3.4
       D:13 |    2814 |    6640 |  70.2 |      21 |      14 |  40.0
       D:14 |    9498 |    5807 |  37.9 |      36 |      14 |  28.0
       D:15 |    9054 |    2759 |  23.4 |      33 |       4 |  10.8
     Lair:1 |    2946 |       0 |   0.0 |      11 |       0 |   0.0
     Lair:2 |    5046 |     640 |  11.3 |      20 |       4 |  16.7
     Lair:3 |    5197 |    1970 |  27.5 |      21 |       4 |  16.0
     Lair:4 |    6212 |       0 |   0.0 |      20 |       0 |   0.0
     Lair:5 |    5471 |    1830 |  25.1 |      23 |      15 |  39.5
     Lair:6 |   13162 |    9159 |  41.0 |      46 |      35 |  43.2
   Shoals:1 |   10840 |    3620 |  25.0 |      29 |       4 |  12.1
   Shoals:2 |    6545 |       0 |   0.0 |      17 |       0 |   0.0
   Shoals:3 |   17637 |       0 |   0.0 |      43 |       0 |   0.0
   Shoals:4 |   10998 |   17369 |  61.2 |      29 |      36 |  55.4
    Snake:1 |   10610 |    6189 |  36.8 |      27 |      12 |  30.8
    Snake:2 |   16897 |    1012 |   5.7 |      39 |       1 |   2.5
    Snake:3 |   18168 |     579 |   3.1 |      44 |       2 |   4.3
    Snake:4 |   24162 |   32191 |  57.1 |      55 |      65 |  54.2
      Orc:1 |    2730 |       0 |   0.0 |      27 |       0 |   0.0
      Orc:2 |    4934 |    5550 |  52.9 |      49 |      11 |  18.3
      Elf:1 |   17148 |   10227 |  37.4 |      33 |      21 |  38.9
      Elf:2 |   17612 |    3675 |  17.3 |      32 |       7 |  17.9
      Elf:3 |   24148 |   39705 |  62.2 |      41 |      33 |  44.6
   Vaults:1 |   22999 |   21067 |  47.8 |      33 |      26 |  44.1
   Vaults:2 |   28088 |   14638 |  34.3 |      45 |      24 |  34.8
   Vaults:3 |   17515 |   17437 |  49.9 |      38 |      22 |  36.7
   Vaults:4 |   38566 |   10166 |  20.9 |      60 |      14 |  18.9
   Depths:1 |   29056 |    3178 |   9.9 |      48 |       8 |  14.3
   Depths:2 |   21260 |    6508 |  23.4 |      28 |       7 |  20.0
   Depths:3 |   36275 |   17836 |  33.0 |      39 |      14 |  26.4
   Depths:4 |   22910 |   24960 |  52.1 |      33 |      21 |  38.9
   Depths:5 |   39354 |   38768 |  49.6 |      41 |      39 |  48.8
        Pan |  156865 |  116273 |  42.6 |     217 |     104 |  32.4
     Bailey |       0 |     273 | 100.0 |       0 |       2 | 100.0
      IceCv |       0 |    8789 | 100.0 |       0 |      49 | 100.0
            +---------+---------+-------+---------+---------+-------
